 Dungeon Crawl Stone Soup version 0.19-a0-1065-gdac414d (webtiles) character file.

48 4thArraOfDagon the Skirmisher (level 3, -1/31 HPs)
             Began as a Demigod Wanderer on Aug 3, 2016.
             Slain by a centaur (6 damage)
             ... on level 5 of the Dungeon.
             The game lasted 00:03:17 (678 turns).

4thArraOfDagon the Skirmisher (Demigod Wanderer)     Turns: 678, Time: 00:03:17

Health: -1/31      AC:  5    Str: 15    XL:     3   Next: 30%
Magic:  8/8        EV: 11    Int: 20    God:
Gold:   63         SH:  0    Dex: 18    Spells: 0 memorised, 5 levels left

rFire  . . .     SeeInvis .     m - +0 rapier
rCold  . . .     Gourm    .     h - +0 ring mail (curse)
rNeg   . . .     Faith    .     (no shield)
rPois  .         Spirit   .     (no helmet)
rElec  .         Dismiss  .     (no cloak)
rCorr  .         Reflect  .     (no gloves)
SustAt +         Harm     .     (no boots)
MR     .....                    (no amulet)
Stlth  ++........               (no ring)
                                (no ring)

@: brilliant, very slightly contaminated, hasted, very quick
A: high mp 1, sustain attributes
a: no special abilities


You were on level 5 of the Dungeon.
You were not hungry.

You visited 1 branch of the dungeon, and saw 5 of its levels.

You collected 63 gold pieces.

Inventory:

Hand Weapons
 b - a +0 short sword
 e - a +0 dagger
 m - a +0 rapier (weapon)
 s - a +0 blowgun
Armour
 d - a +0 robe
 h - a cursed +0 ring mail (worn)
Scrolls
 j - a scroll of blinking {unknown}
 k - a scroll of recharging {unknown}
 l - a scroll of amnesia {unknown}
 n - a scroll of enchant weapon {unknown}
 o - 3 scrolls of identify {unknown}
 p - a scroll of teleportation {unknown}
 q - a scroll of enchant armour {unknown}
 u - a scroll of random uselessness {unknown}
Books
 a - a book of Minor Magic

   Spells                             Type                      Level
   a - Magic Dart                     Conjuration                  1
   b - Blink                          Translocation                2
   c - Call Imp                       Summoning                    2
   d - Repel Missiles                 Charms/Air                   2
   e - Slow                           Hexes                        2
   f - Conjure Flame                  Conjuration/Fire             3
   g - Mephitic Cloud                 Conjuration/Poison/Air       3
Comestibles
 f - a bread ration
 i - a meat ration


   Skills:
 + Level 3.1 Fighting
   Level 1.0 Polearms
 - Level 1.0 Throwing
 - Level 1.0 Dodging
 - Level 2.6 Stealth
 - Level 1.7 Spellcasting
   Level 1.0 Air Magic


You had 5 spell levels left.
You didn't know any spells.

Dungeon Overview and Level Annotations

Branches:
Dungeon (5/15)
 Temple: D:4-7


Innate Abilities, Weirdness & Mutations

You have an increased reservoir of magic. (+10% MP)
Your attributes are resistant to harm.


Message History

Unknown command.
The adder hisses angrily.
You hit the centaur.
The centaur is moderately wounded.
The centaur hits you.
* * * LOW HITPOINT WARNING * * *
The ooze hits you.
* * * LOW HITPOINT WARNING * * *
Unknown command.
You barely miss the centaur.
The centaur is moderately wounded.
The centaur hits you.
* * * LOW HITPOINT WARNING * * *
The ooze closely misses you. The centaur misses you.
Unknown command.
Unknown command.
You puncture the centaur!
The centaur is severely wounded.
The centaur hits you.
You die...

.................
..............(..
........<.......#
...S.....!......#
.......>........#
.......((......##
..../..#......$..
...####Jc########
.. #.@## #.##
...# #.### ...
... ..#Y .##


You could see a centaur, an ooze and an adder.

Vanquished Creatures
  An adder (D:3)
  An ooze (D:2)
  3 giant geckos (D:1)
  5 giant cockroaches
  A goblin (D:2)
  3 hobgoblins (D:1)
  3 jackals (D:2)
  6 kobolds
  A bat (D:1)
  A giant cockroach zombie (D:5)
  4 rats (D:1)
29 creatures vanquished.

Notes
Turn   | Place    | Note
-------+----------+-------------------------------------------
     0 | D:1      | 4thArraOfDagon the Demigod Wanderer began the quest for the Orb.
     0 | D:1      | 4thArraOfDagon set off with: a book of Minor Magic, a +0 short sword, a potion of curing, a +0 robe, a +0 dagger, a bread ration
     0 | D:1      | Reached XP level 1. HP: 16/16 MP: 5/5
   137 | D:1      | Reached skill level 2 in Fighting
   176 | D:1      | Reached XP level 2. HP: 21/24 MP: 7/7
   480 | D:2      | Reached XP level 3. HP: 14/30 MP: 8/8
   584 | D:3      | Reached skill level 3 in Fighting
   653 | D:5      | Entered Level 5 of the Dungeon
   658 | D:5      | Noticed a centaur
   666 | D:5      | Noticed an ice beast
   678 | D:5      | Slain by a centaur

Vault maps used:
D:1:      lightli_arrival_statuegarden, nrook_mini_vaults
D:2:      uniq_crazy_yiuf_cottage
D:3:      overflow_temple_1_default, eat_drink_and_be_merry_uskayaw, uniq_iyjb
D:4:      grunt_dithmenos_smoke, serial_shops, shop, first_bread, uniq_natasha,
          uniq_pikel, uniq_menkaure
D:5:      lemuel_crystal_altar

Skill      XL: |  1  2  3 |
---------------+----------+-----
Fighting       | 2 3 |  3.1
Polearms       | |  1.0
Throwing       | |  1.0
Dodging        | |  1.0
Stealth        | |  2.6
Spellcasting   | |  1.7
Air Magic      | |  1.0

Action                   || total
-------------------------++-------
Melee: Rapier            ||    75
       Short sword       ||     7
 Fire: Blowgun           ||     3
  Use: Potion            ||     5
 Stab: Sleeping          ||     3
Armor: Ring mail         ||    28
Dodge: Dodged            ||    50
